ATL
SOMERSET PATRIOTS @ SUGAR LAND SKEETERS
06/08/2072
 
TOP OF THE 1ST
Road Warriors batting - Pitching for Lancaster Barnstormers : LHP Justin Wickland
Pitching: LHP Justin Wickland
Batting: RHB Robert Pawley 0-0: Foul Ball, location: 2F
0-1: Foul Ball, location: 2F
0-2: Ball
1-2: SINGLE (Line Drive, 4MD, EV 97.5 MPH)
Batting: RHB Izzy Sanchez 0-0: Called Strike
0-1: DOUBLE (Flyball, 89XD, EV 103.8 MPH)
Robert Pawley to third
Batting: RHB Manny Candelaria 0-0: Ball
1-0: SINGLE (Line Drive, 34D, EV 96.2 MPH)
Robert Pawley scores
Izzy Sanchez to third
Batting: RHB Justin Moore 0-0: Swinging Strike
0-1: Swinging Strike
0-2: Ball
1-2: Strikes out swinging
Batting: LHB Gustavo Velazquez 0-0: Ball
1-0: Ball
2-0: Called Strike
2-1: Ball
3-1: Fly out, F7 (Line Drive, 7, EV 90.0 MPH)
Runner from 3rd tags up, SCORES, throw by LF
Batting: RHB Bernardo Ferros 0-0: Ball
Wild Pitch!
Manny Candelaria to second
1-0: SINGLE (Line Drive, 89S, EV 96.9 MPH)
Manny Candelaria to third
Batting: RHB William Ortiz 0-0: Called Strike
0-1: Ball
1-1: Ball
2-1: Foul Ball, location: 2F
2-2: Ball
3-2: SINGLE (Line Drive, 5D, EV 96.2 MPH)
Manny Candelaria scores
Bernardo Ferros to second
Bernardo Ferros to third
Batting: RHB Cory Alongi 0-0: Ball
1-0: Called Strike
1-1: Ball
2-1: SINGLE (Line Drive, 8LS, EV 106.2 MPH)
Bernardo Ferros scores
William Ortiz to second
Batting: RHB Glen Scott 0-0: Ball
1-0: Swinging Strike
1-1: Ball
2-1: Called Strike
2-2: Strikes out swinging, 2-3 out at first.
Top of the 1st over - 4 runs, 6 hits, 0 errors, 2 left on base; Road 4 - Lancaster 0
BOTTOM OF THE 1ST
Lancaster Barnstormers batting - Pitching for Road Warriors : RHP Nick Regrut
Pitching: RHP Nick Regrut
Batting: LHB Jayden Nicholson 0-0: Reached via error on a dropped throw from 2B, E3 (Groundball, 4, EV 85.6 MPH)
Batting: RHB Oscar Mauras 0-0: Fly out, F8 (Flyball, 8RD, EV 93.1 MPH)
Batting: RHB William Castillo 0-0: Called Strike
0-1: Foul Ball, location: 2F
0-2: Ball
1-2: Fly out, F9 (Flyball, 9D, EV 87.5 MPH)
Batting: RHB Keith Hankins 0-0: Ball
1-0: Foul Ball, location: 2F
1-1: Called Strike
1-2: Foul Ball, location: 2F
1-2: Fielders Choice at 2nd, 6-4 (Groundball, 6, EV 84.4 MPH)
Bottom of the 1st over - 0 runs, 0 hits, 1 error, 1 left on base; Road 4 - Lancaster 0
TOP OF THE 2ND
Road Warriors batting - Pitching for Lancaster Barnstormers : LHP Justin Wickland
Batting: RHB Robert Pawley 0-0: SOLO HOME RUN (Line Drive, 8RXD, EV 98.8 MPH), Distance : 448 ft
Batting: RHB Izzy Sanchez 0-0: Ball
1-0: Ball
2-0: Ball
3-0: Base on Balls
Batting: RHB Manny Candelaria 0-0: Ball
1-0: Fielders Choice at 2nd, 6-4 (Groundball, 6M, EV 86.9 MPH)
Batting: RHB Justin Moore 0-0: Foul Ball, location: 2F
0-1: Foul Ball, location: 2F
0-2: SINGLE (Flyball, 6MD, EV 86.9 MPH)
Manny Candelaria to second
Batting: LHB Gustavo Velazquez 0-0: Called Strike
0-1: Foul Ball, location: 2F
0-2: Ball
1-2: Strikes out swinging
Batting: RHB Bernardo Ferros 0-0: Swinging Strike
0-1: Foul Ball, location: 2F
0-2: SINGLE (Line Drive, 7S, EV 95.0 MPH)
Manny Candelaria to third
Justin Moore to second
Runner from 3rd tries for Home, SAFE, throw by LF to home
Pitching: RHP Steve McMahon
Batting: RHB William Ortiz 0-0: Ball
1-0: Called Strike
1-1: Fly out, F8 (Flyball, 8LD, EV 96.9 MPH)
Top of the 2nd over - 2 runs, 3 hits, 0 errors, 2 left on base; Road 6 - Lancaster 0
BOTTOM OF THE 2ND
Lancaster Barnstormers batting - Pitching for Road Warriors : RHP Nick Regrut
Batting: SHB Mike Rivera 0-0: Ball
1-0: Ball
2-0: Called Strike
2-1: Foul Ball, location: 2F
2-2: Ball
3-2: Foul Ball, location: 2F
3-2: Foul Ball, location: 2F
3-2: Ground out 4-3 (Groundball, 4, EV 103.8 MPH)
Batting: RHB Shawn Hairston 0-0: Called Strike
0-1: SOLO HOME RUN (Flyball, 9D, EV 112.5 MPH), Distance : 360 ft
Batting: SHB Travis Jarman 0-0: Ground out U3 (Groundball, 3, EV 105.6 MPH)
Batting: RHB John Henderson 0-0: Ball
1-0: Ball
2-0: Ball
3-0: Base on Balls
Batting: RHB Izzy Santoyo 0-0: Foul Ball, location: 2F
0-1: Called Strike
0-2: Ball
1-2: Strikes out looking
Bottom of the 2nd over - 1 run, 1 hit, 0 errors, 1 left on base; Road 6 - Lancaster 1
TOP OF THE 3RD
Road Warriors batting - Pitching for Lancaster Barnstormers : RHP Steve McMahon
Batting: RHB Cory Alongi 0-0: Foul Ball, location: 2F
0-1: Ball
1-1: Foul Ball, location: 2F
1-2: Fly out, F7 (Flyball, 78D, EV 92.5 MPH)
Batting: RHB Glen Scott 0-0: Ball
1-0: Ball
2-0: Called Strike
2-1: Foul Ball, location: 2F
2-2: Strikes out swinging
Batting: RHB Robert Pawley 0-0: Foul Ball, location: 2F
0-1: Ball
1-1: Called Strike
1-2: Ground out 1-3 (Groundball, 34S, EV 66.2 MPH)
Top of the 3rd over - 0 runs, 0 hits, 0 errors, 0 left on base; Road 6 - Lancaster 1
BOTTOM OF THE 3RD
Lancaster Barnstormers batting - Pitching for Road Warriors : RHP Nick Regrut
Batting: LHB Jayden Nicholson 0-0: Ball
1-0: Ball
2-0: Swinging Strike
2-1: Ball
3-1: Foul Ball, location: 2F
3-2: Fly out, F8 (Flyball, 8RM, EV 94.4 MPH)
Batting: RHB Oscar Mauras 0-0: Called Strike
0-1: Called Strike
0-2: Ball
1-2: Ball
2-2: Fly out, F9 (Flyball, 9, EV 93.1 MPH)
Batting: RHB William Castillo 0-0: Called Strike
0-1: Ball
1-1: Called Strike
1-2: Strikes out looking
Bottom of the 3rd over - 0 runs, 0 hits, 0 errors, 0 left on base; Road 6 - Lancaster 1
TOP OF THE 4TH
Road Warriors batting - Pitching for Lancaster Barnstormers : RHP Steve McMahon
Batting: RHB Izzy Sanchez 0-0: Ball
1-0: Ball
2-0: DOUBLE (Flyball, 78XD, EV 91.2 MPH)
Batting: RHB Manny Candelaria 0-0: Ball
1-0: Called Strike
1-1: Ball
2-1: Swinging Strike
2-2: Strikes out looking
Batting: RHB Justin Moore 0-0: Ball
1-0: Ball
2-0: Called Strike
2-1: Ball
3-1: Foul Ball, location: 2F
3-2: Fly out, F9 (Flyball, 9LD, EV 77.5 MPH)
Runner from 2nd tags up, SAFE at 3rd, no throw by RF
Batting: LHB Gustavo Velazquez 0-0: Ball
1-0: Ball
2-0: Ground out 6-3 (Groundball, 6, EV 81.9 MPH)
Top of the 4th over - 0 runs, 1 hit, 0 errors, 1 left on base; Road 6 - Lancaster 1
BOTTOM OF THE 4TH
Lancaster Barnstormers batting - Pitching for Road Warriors : RHP Nick Regrut
Batting: RHB Keith Hankins 0-0: Called Strike
0-1: Ball
1-1: Ball
2-1: Swinging Strike
2-2: Foul Ball, location: 2F
2-2: Foul Ball, location: 2F
2-2: Ball
3-2: Ground out 6-3 (Groundball, 6, EV 103.1 MPH)
Batting: SHB Mike Rivera 0-0: Called Strike
0-1: Swinging Strike
0-2: Ball
1-2: Foul Ball, location: 2F
1-2: Foul Ball, location: 2F
1-2: Foul Ball, location: 2F
1-2: Fly out, F6 (Flyball, 6D, EV 90.0 MPH)
Batting: RHB Shawn Hairston 0-0: Ball
1-0: Fly out, F9 (Flyball, 89M, EV 91.2 MPH)
Bottom of the 4th over - 0 runs, 0 hits, 0 errors, 0 left on base; Road 6 - Lancaster 1
TOP OF THE 5TH
Road Warriors batting - Pitching for Lancaster Barnstormers : RHP Steve McMahon
Batting: RHB Bernardo Ferros 0-0: Ball
1-0: Called Strike
1-1: Foul Ball, location: 2F
1-2: Fly out, F9 (Flyball, 9S, EV 83.1 MPH)
Batting: RHB William Ortiz 0-0: Called Strike
0-1: Ball
1-1: Ball
2-1: Hit by Pitch
Batting: RHB Cory Alongi 0-0: Foul Ball, location: 2F
0-1: Ball
1-1: Foul Ball, location: 2F
1-2: SINGLE (Groundball, 34, EV 94.4 MPH)
William Ortiz to second
Batting: RHB Glen Scott 0-0: Ball
1-0: Swinging Strike
1-1: Ball
2-1: SINGLE (Line Drive, 89M, EV 111.2 MPH)
William Ortiz to third
Cory Alongi to second
Batting: RHB Robert Pawley 0-0: Ball
Wild Pitch!
William Ortiz scores
Cory Alongi to third
Glen Scott to second
1-0: Ground out 6-3 (Groundball, 6, EV 90.0 MPH)
Cory Alongi scores
Batting: RHB Izzy Sanchez 0-0: Ball
1-0: Called Strike
1-1: Ball
2-1: Swinging Strike
2-2: Foul Ball, location: 2F
2-2: Ball
3-2: Strikes out swinging
Top of the 5th over - 2 runs, 2 hits, 0 errors, 1 left on base; Road 8 - Lancaster 1
BOTTOM OF THE 5TH
Lancaster Barnstormers batting - Pitching for Road Warriors : RHP Nick Regrut
Batting: SHB Travis Jarman 0-0: Ball
1-0: Called Strike
1-1: Ground out 4-3 (Groundball, 4, EV 100.0 MPH)
Batting: RHB John Henderson 0-0: Ball
1-0: Fly out, F8 (Flyball, 8RD, EV 90.0 MPH)
Batting: RHB Izzy Santoyo 0-0: Ball
1-0: Ball
2-0: Called Strike
2-1: Foul Ball, location: 2F
2-2: Fly out, F8 (Flyball, 78D, EV 100.6 MPH)
Bottom of the 5th over - 0 runs, 0 hits, 0 errors, 0 left on base; Road 8 - Lancaster 1
TOP OF THE 6TH
Road Warriors batting - Pitching for Lancaster Barnstormers : RHP Steve McMahon
Batting: RHB Manny Candelaria 0-0: Ball
1-0: SINGLE (Groundball, 23, EV 81.9 MPH) (infield hit)
Pitching: LHP Braz Roxa
Batting: RHB Justin Moore 0-0: Ball
1-0: Ball
2-0: Called Strike
2-1: Called Strike
2-2: Foul Ball, location: 2F
2-2: SINGLE (Flyball, 78S, EV 87.5 MPH)
Manny Candelaria to second
Batting: LHB Gustavo Velazquez 0-0: Ball
1-0: Ball
2-0: Called Strike
2-1: Foul Ball, location: 2F
2-2: Ball
3-2: Strikes out swinging
Batting: RHB Bernardo Ferros 0-0: Swinging Strike
0-1: Fielders Choice at 2nd, 6-4 (Groundball, 6M, EV 85.6 MPH)
Manny Candelaria to third
Batting: RHB William Ortiz 0-0: Fly out, F9 (Flyball, 9D, EV 89.4 MPH)
Top of the 6th over - 0 runs, 2 hits, 0 errors, 2 left on base; Road 8 - Lancaster 1
BOTTOM OF THE 6TH
Lancaster Barnstormers batting - Pitching for Road Warriors : RHP Nick Regrut
Batting: LHB Jayden Nicholson 0-0: Ball
1-0: Called Strike
1-1: Fly out, F8 (Flyball, 78D, EV 99.4 MPH)
Batting: RHB Oscar Mauras 0-0: Ball
1-0: Ball
2-0: SINGLE (Line Drive, 7S, EV 100.6 MPH)
Batting: RHB William Castillo 0-0: Called Strike
0-1: Ball
1-1: Called Strike
1-2: Ball
2-2: Ball
3-2: Foul Ball, location: 2F
3-2: Base on Balls
Oscar Mauras to second
Pitching: RHP Jessie O'Neill
Batting: RHB Keith Hankins 0-0: Ball
1-0: Called Strike
1-1: Ball
2-1: Fly out, F9 (Flyball, 9LD, EV 100.6 MPH)
Runner from 2nd tags up, SAFE at 3rd, no throw by RF
Batting: SHB Mike Rivera 0-0: Fly out, F4 (Flyball, 4D, EV 81.2 MPH)
Bottom of the 6th over - 0 runs, 1 hit, 0 errors, 2 left on base; Road 8 - Lancaster 1
TOP OF THE 7TH
Road Warriors batting - Pitching for Lancaster Barnstormers : LHP Braz Roxa
Pinch Hitting: RHB Chris Vazquez 0-0: Fly out, F4 (Popup, 4MD, EV 44.4 MPH)
Batting: RHB Glen Scott 0-0: Called Strike
0-1: Ground out 5-3 (Groundball, 56, EV 108.1 MPH)
Batting: RHB Robert Pawley 0-0: Ball
1-0: Ball
2-0: Called Strike
2-1: Fly out, F4 (Popup, 34D, EV 56.9 MPH)
Top of the 7th over - 0 runs, 0 hits, 0 errors, 0 left on base; Road 8 - Lancaster 1
BOTTOM OF THE 7TH
Lancaster Barnstormers batting - Pitching for Road Warriors : RHP Jessie O'Neill
Now at SS: Chris Vazquez
Batting: RHB Shawn Hairston 0-0: Ball
1-0: Ball
2-0: SINGLE (Flyball, 4MD, EV 84.4 MPH)
Batting: SHB Travis Jarman 0-0: Fly out, F7 (Flyball, 7D, EV 102.5 MPH)
Batting: RHB John Henderson 0-0: Swinging Strike
0-1: Called Strike
0-2: Ball
1-2: Ball
2-2: Foul Ball, location: 2F
2-2: Ball
3-2: Base on Balls
Shawn Hairston to second
Batting: RHB Izzy Santoyo 0-0: Fly out, F8 (Line Drive, 8LD, EV 95.0 MPH)
Batting: LHB Jayden Nicholson 0-0: Ball
1-0: Ball
2-0: Ball
3-0: Called Strike
3-1: SINGLE (Line Drive, 8RS, EV 112.5 MPH)
Shawn Hairston to third
John Henderson to second
Batting: RHB Oscar Mauras 0-0: Called Strike
0-1: Ball
1-1: Fly out, F9 (Flyball, 9D, EV 107.5 MPH)
Bottom of the 7th over - 0 runs, 2 hits, 0 errors, 3 left on base; Road 8 - Lancaster 1
TOP OF THE 8TH
Road Warriors batting - Pitching for Lancaster Barnstormers : LHP Braz Roxa
Batting: RHB Izzy Sanchez 0-0: Called Strike
0-1: Ball
1-1: Ball
2-1: Swinging Strike
2-2: Foul Ball, location: 2F
2-2: SINGLE (Flyball, 3D, EV 88.8 MPH)
Batting: RHB Manny Candelaria 0-0: Foul Ball, location: 2F
0-1: Foul Ball, location: 2F
0-2: Ball
1-2: SINGLE (Groundball, 56D, EV 108.8 MPH)
Izzy Sanchez to second
Batting: RHB Justin Moore 0-0: Ball
1-0: Ball
2-0: Foul Ball, location: 2F
2-1: Called Strike
2-2: Strikes out looking
Batting: LHB Gustavo Velazquez 0-0: Foul Ball, location: 2F
0-1: Ball
1-1: Grounds into double play, 3-6-3 (Groundball, 3, EV 106.2 MPH)
Top of the 8th over - 0 runs, 2 hits, 0 errors, 1 left on base; Road 8 - Lancaster 1
BOTTOM OF THE 8TH
Lancaster Barnstormers batting - Pitching for Road Warriors : RHP Jessie O'Neill
Batting: RHB William Castillo 0-0: Ball
1-0: Called Strike
1-1: Ball
2-1: Called Strike
2-2: Strikes out looking
Batting: RHB Keith Hankins 0-0: Swinging Strike
0-1: SINGLE (Groundball, 6MD, EV 97.5 MPH)
Pitching: RHP Joe Kazor
Batting: SHB Mike Rivera 0-0: Grounds into double play, 4-6-3 (Groundball, 4, EV 79.4 MPH)
Bottom of the 8th over - 0 runs, 1 hit, 0 errors, 0 left on base; Road 8 - Lancaster 1
TOP OF THE 9TH
Road Warriors batting - Pitching for Lancaster Barnstormers : LHP Braz Roxa
Batting: RHB Bernardo Ferros 0-0: Ground out 5-3 (Groundball, 56, EV 83.8 MPH)
Batting: RHB William Ortiz 0-0: Ball
1-0: Ball
2-0: Foul Ball, location: 2F
2-1: Called Strike
2-2: Ball
3-2: Fly out, F2 (Popup, 3SF, EV 73.1 MPH)
Batting: RHB Chris Vazquez 0-0: Fly out, F8 (Flyball, 8LD, EV 103.1 MPH)
Top of the 9th over - 0 runs, 0 hits, 0 errors, 0 left on base; Road 8 - Lancaster 1
BOTTOM OF THE 9TH
Lancaster Barnstormers batting - Pitching for Road Warriors : RHP Joe Kazor
Batting: RHB Shawn Hairston 0-0: Ball
1-0: Ball
2-0: Called Strike
2-1: Ball
3-1: Called Strike
3-2: Base on Balls
Batting: SHB Travis Jarman 0-0: Ball
Wild Pitch!
Shawn Hairston to second
1-0: Called Strike
1-1: Ball
2-1: Ground out 5-3 (Groundball, 56, EV 104.4 MPH)
Batting: RHB John Henderson 0-0: Ball
1-0: Ball
2-0: SINGLE (Groundball, 56D, EV 103.1 MPH)
Shawn Hairston to third
Batting: RHB Izzy Santoyo 0-0: Ball
1-0: Ball
2-0: Ball
3-0: Base on Balls
John Henderson to second
Batting: LHB Jayden Nicholson 0-0: Ball
1-0: Called Strike
1-1: Ball
2-1: Foul Ball, location: 2F
2-2: Strikes out swinging
Batting: RHB Oscar Mauras 0-0: Ball
1-0: Ball
2-0: Ball
3-0: Base on Balls
Shawn Hairston scores
John Henderson to third
Izzy Santoyo to second
Batting: RHB William Castillo 0-0: GRAND SLAM HOME RUN (Flyball, 7D, EV 101.2 MPH), Distance : 392 ft
Pitching: RHP Carlos Carrillo
Batting: RHB Keith Hankins 0-0: Ball
1-0: Ball
2-0: Called Strike
2-1: Ball
3-1: Swinging Strike
3-2: Foul Ball, location: 2F
3-2: Foul Ball, location: 2F
3-2: Foul Ball, location: 2F
3-2: Fly out, F7 (Flyball, 7S, EV 91.9 MPH)
Bottom of the 9th over - 5 runs, 2 hits, 0 errors, 0 left on base; Road 8 - Lancaster 6
Sunday, October 24th , 2021 - OOTP Baseball 22.10 Build 79